 Dungeon Crawl Stone Soup version 0.30-a0-879-ga8ba668304 (webtiles) character file.

Game seed: 14009369405843671013

1 FallingFreak the Grasshopper (level 1, -3/17 HPs)
             Began as a Ghoul Warper on Mar 13, 2023.
             Slain by a quokka (4 damage)
             ... on level 1 of the Dungeon.
             The game lasted 00:00:28 (45 turns).

FallingFreak the Grasshopper (Ghoul Warper)           Turns: 45, Time: 00:00:29

Health: -3/17      AC:  3    Str: 14    XL:     1   Next: 20%
Magic:  2/2        EV: 11    Int:  8    God:
Gold:   0          SH:  0    Dex:  8    Spells: 3/3 levels left

rFire   . . .      SeeInvis .    a - +0 hand axe
rCold   + . .      Faith    .    (no shield)
rNeg    + + +      Spirit   .    b - +0 leather armour
rPois   ∞          Reflect  .    (no helmet)
rElec   .          Rampage  .    (no cloak)
rCorr   .                        (no gloves)
Will    .....                    (no boots)
Stlth   +                        (no amulet)
HPRegen 0.00/turn                (no ring)
MPRegen 0.08/turn                (no ring)

@: inhibited regen
A: claws 1, cold resistance 1, negative energy resistance 3, inhibited
regeneration, torment resistance 2, devour on kill
a: no special abilities


You were on level 1 of the Dungeon.
You visited 1 branch of the dungeon, and saw 1 of its levels.

Inventory:

Hand Weapons
 a - a +0 hand axe (weapon)
Missiles
 d - 7 boomerangs of dispersal (quivered) {!f}
Armour
 b - a +0 leather armour (worn)
Scrolls
 f - a scroll of blinking


   Skills:
 - Level 2.1 Fighting
 + Level 1.8 Axes
 - Level 0.8 Throwing
 + Level 0.9 Armour
 - Level 1.7 Dodging
 + Level 1.8 Spellcasting
 + Level 2.7 Translocations


You had 3 spell levels left.
You didn't know any spells.
Your spell library contained the following spells:

 Spells                   Type           Power      Damage    Failure   Level
 Blink                    Tloc           10%        N/A       22%         2
 Lesser Beckoning         Tloc           10%        N/A       22%         2
 Teleport Other           Tloc           5%         N/A       41%         3
 Vhi's Electric Charge    Tloc/Air       4%         N/A       61%         3
 Manifold Assault         Tloc           5%         N/A       83%         4


Dungeon Overview and Level Annotations

Branches:
Dungeon (1/15) Zot: 5949

Altars:


Innate Abilities, Weirdness & Mutations

You are immune to poison.
You have sharp fingernails.
Your flesh is cold resistant. (rC+)
You are immune to negative energy. (rN+++)
You do not regenerate when monsters are visible.
You are immune to unholy pain and torment.
You thrive by killing the living.


Message History

You barely miss the quokka.
The quokka bites you but does no damage.
The quokka bites you.
* * * LOW HITPOINT WARNING * * *
Unknown command.
Cleave: a) +0 hand axe
Press: ? - help, Dir - move target, f/p - quokka
Aim: a quokka (about 57% to evade your +0 hand axe)
You barely miss the quokka. The quokka bites you.
* * * LOW HITPOINT WARNING * * *
Unknown command.
Cleave: a) +0 hand axe
Press: ? - help, Dir - move target, f/p - quokka
Aim: a quokka (about 57% to evade your +0 hand axe)
You hit the quokka.
The quokka is lightly wounded.
The quokka barely misses you. The quokka closely misses you.
Unknown command.
Cleave: a) +0 hand axe
Press: ? - help, Dir - move target, f/p - quokka
Aim: a quokka (lightly wounded, about 57% to evade your +0 hand axe)
You hit the quokka.
The quokka is severely wounded.
The quokka bites you.
* * * LOW HITPOINT WARNING * * *
Unknown command.
Cleave: a) +0 hand axe
Press: ? - help, Dir - move target, f/p - quokka
Aim: a quokka (severely wounded, about 57% to evade your +0 hand axe)
You closely miss the quokka.
The quokka is severely wounded.
The quokka bites you but does no damage.
Unknown command.
Cleave: a) +0 hand axe
Press: ? - help, Dir - move target, f/p - quokka
Aim: a quokka (severely wounded, about 57% to evade your +0 hand axe)
You completely miss the quokka.
The quokka is severely wounded.
The quokka bites you.
You die...

#.<.###...#r#
#....#
#.###@#
#.#### #.#
#.# #. #.#
#.# . ..# #.#
.. ... .. #..
#.. #... #..#
....


You could see a quokka and a jackal.

Vanquished Creatures
  A jackal (D:1)
1 creature vanquished.

Notes
Turn   | Place    | Note
-------+----------+-------------------------------------------
     0 | D:1      | FallingFreak the Ghoul Warper began the quest for the Orb.
     0 | D:1      | Reached XP level 1. HP: 17/17 MP: 2/2
    45 | D:1      | Slain by a quokka

Illustrated notes

Levels and vault maps discovered:
D:1:      amcnicky_arrival_double_pillar, layout_loops_ring

Action                     || total
---------------------------++-------
  Melee: Hand axe          ||    23
 Armour: Leather armour    ||    10
  Dodge: Dodged            ||    17

Table legend: (Time is in decaauts)
 A = Elapsed time spent in this place.
 B = Non-inter-level travel time spent in this place.
 C = Inter-level travel time spent in this place.
 D = Time resting spent in this place.
 E = Time spent auto-exploring this place.
 F = Levels seen in this place.
 G = Mean time per level.
                   A        B        C        D        E       F      G
               +--------+--------+--------+--------+--------+-----+--------+
         Total |     49 |     49 |      0 |      0 |     15 |   1 |   49.0 |
       Dungeon |     49 |     49 |      0 |      0 |     15 |   1 |   49.0 |
               +--------+--------+--------+--------+--------+-----+--------+

Top non-repeatable levels by time:
     D:1: 49 daAuts
